 Dungeon Crawl Stone Soup version 0.16.2-2-g470672f (webtiles) character file.

40 dvd the Scratcher (level 3, 0/15 HPs)
             Began as a Felid Transmuter on Sept 2, 2015.
             Succumbed to an adder's poison
             ... on level 1 of the Dungeon.
             The game lasted 00:06:14 (1204 turns).

dvd the Scratcher (Felid Transmuter)                Turns: 1204, Time: 00:06:15

Health: 0/15       AC:  1    Str:  6    XL:     3   Next: 30%
Magic:  8/8        EV: 24    Int: 15    God:
Gold:   24         SH:  0    Dex: 21    Spells: 1 memorised, 5 levels left
                                        Lives:  0   Deaths: 0

rFire  . . .     SeeInvis +       - Unarmed
rCold  . . .     Clarity  .     (armour unavailable)
rNeg   . . .     SustAb   .     (shield unavailable)
rPois  +         Gourm    .     (helmet unavailable)
rElec  .         Spirit   .     (cloak unavailable)
rCorr  .         Warding  .     (gloves unavailable)
rMut   .         Stasis   .     (boots unavailable)
MR     .....                    (no amulet)
Stlth  +++.......               (no ring)
                                k - ring of poison resistance

@: agile, lethally poisoned (0 -> -2), quick, not resistant to hostile
enchantments, fairly stealthy
A: paw claws, no armour, no weapons or thrown items, fangs 3, see invisible,
carnivore 3, speed 1, shaggy fur 1, slow metabolism 1, sharp paws
a: no special abilities


You were on level 1 of the Dungeon.
You were completely stuffed.

You visited 1 branch of the dungeon, and saw 2 of its levels.

You collected 24 gold pieces.

Inventory:

Missiles
 b - 12 arrows
Jewellery
 k - a ring of poison resistance (left paw)
Scrolls
 c - 2 scrolls of enchant weapon {unknown}
 e - a scroll of amnesia {unknown}
 f - a scroll of blinking {unknown}
 g - a scroll of identify {unknown}
 i - 2 scrolls of remove curse {unknown}
 j - a scroll of random uselessness {unknown}
Books
 d - a book of Changes

   Spells                             Type                      Level
   a - Beastly Appendage              Transmutation                1
   b - Sticks to Snakes               Transmutation                2
   c - Spider Form                    Transmutation/Poison         3
   d - Ice Form                       Ice/Transmutation            4
   e - Blade Hands                    Transmutation                5


   Skills:
 + Level 1.2 Fighting
 + Level 3.1 Dodging
 + Level 0.4 Stealth
 + Level 3.7 Unarmed Combat
 + Level 2.3 Spellcasting
 + Level 2.3 Transmutations


You had 5 spell levels left.
You knew the following spells:

 Your Spells              Type           Power        Failure   Level  Hunger
a - Beastly Appendage     Trmt           #.....       12%         1    #......


Dungeon Overview and Level Annotations

Branches:
Dungeon (2/15)

Altars:


Innate Abilities, Weirdness & Mutations

You cannot wear armour.
You are incapable of wielding weapons or throwing items.
You have razor-sharp teeth.
You have supernaturally acute eyesight.
You are carnivorous and can eat meat at any time.
You cover ground quickly.
You are covered in fur (AC +1).
You have a slow metabolism.
Your paws have sharp claws that are effective at stabbing.


Message History

The adder is heavily wounded.
The adder barely misses you. The adder closely misses you.
You barely miss the adder. Your bite misses the adder.
The adder is moderately wounded.
The adder completely misses you.
You barely miss the adder. Your claw misses the adder.
The adder is heavily wounded.
* * * LOW HITPOINT WARNING * * *
You feel sick. The adder closely misses you.
You claw the adder!
You kill the adder!
Your Dodging skill increases to level 3!
* * * LOW HITPOINT WARNING * * *
You feel sick.
Eat which item? (? for menu, Esc to quit)
You continue eating. x2
You finish eating.
That meat ration really hit the spot!
There is a lethal amount of poison in your body!
There is a lethal amount of poison in your body!
You die...

#...#.# #. #.#...########.
######.##.##.....###
#......##.##.###.###
###.###...#.##.# #....
#..............# #####
#######.###.......#..#######
#......(# #..>......≈≈≈≈≈§≈≈
#.#####.###@........≈8≈≈§§≈≈
#.# #.(..[.....#..≈≈8≈§§≈8
###.#######.###...##..≈≈≈####≈
#..#.............###..≈§≈'..#≈
#.#.#######.########..≈≈≈'.<#≈
#.#.# #.># #.....≈≈≈####§
#.#.### ##.# #.##..≈≈8≈≈≈≈8
#.....# #.# #.##..≈8≈≈≈≈≈≈
#.#.#.######.####.##..≈≈≈≈≈≈≈≈


There were no monsters in sight!

Vanquished Creatures
  2 adders
  2 giant geckos (D:1)
  A giant cockroach (D:1)
  5 hobgoblins (D:1)
  2 kobolds
  A giant newt (D:1)
  5 goblins
  3 rats (D:1)
21 creatures vanquished.

Notes
Turn   | Place    | Note
--------------------------------------------------------------
     0 | D:1      | dvd, the Felid Transmuter, began the quest for the Orb.
     0 | D:1      | Reached XP level 1. HP: 9/9 MP: 4/4
   481 | D:1      | Reached XP level 2. HP: 10/12 MP: 5/5
  1181 | D:2      | Reached XP level 3. HP: 10/15 MP: 5/8
  1204 | D:1      | Succumbed to an adder's poison

Action                   || total
-------------------------++-------
Melee: Unarmed           ||    53
 Cast: Beastly Appendage ||    14
  Use: Potion            ||     2
  Eat: Chunk             ||     4
       Meat ration       ||     1
